Map: Tokamak LE

Players

Alka

  • Race: Protoss Protoss
  • League: Master
  • Spawn Location: 1:00

Dephy - Winner!

  • Race: Terran Terran
  • League: Master
  • Spawn Location: 7:00

VOD

Have the link to the VOD?

Description

Time

  • Played on: June 18, 2025, 12:37 p.m.
  • Length: 13:23
Show
View Real Time Build Order
Export as new Build Order

Alka Protoss 

Build Orders: 1 Gate Expand 

Get SALT Encoding   

  12  0:00  Probe  
  13  0:13  Probe  
  14  0:20  Pylon  
  14  0:25  Probe  
  15  0:36  Probe  
  15  0:41  Gateway  
  16  0:44  Probe  
  17  0:50  Assimilator  
  17  0:52  Probe  
  18  1:04  Probe  
  19  1:16  Probe  
  20  1:25  Nexus  
  20  1:33  Cybernetics Core  
  20  1:36  Probe  
  21  1:43  Assimilator  
  21  1:47  Pylon  
  21  1:50  Probe  
  21  1:51  Warp Gate  
  22  2:00  Adept  
  22  2:02  Probe  
  23  2:14  Probe, Pylon  
  26  2:26  Probe  
  27  2:31  Adept  
  27  2:32  Twilight Council  
  29  2:41  Gateway  
  29  2:44  Probe  
  30  2:47  Probe  
  30  2:51  Charge  
  31  2:56  Probe  
  32  3:00  Probe, Gateway  
  33  3:06  Adept  
  35  3:14  Probe  
  35  3:16  Probe  
  37  3:21  Pylon  
  37  3:26  Probe  
  38  3:28  Probe  
  38  3:38  Probe  
  39  3:48  Probe  
  34  4:05  Zealot x3  
  34  4:06  Probe  
  34  4:07  Probe  
  42  4:19  Probe x2  
  42  4:21  Robotics Facility  
  44  4:24  Pylon  
  44  4:26  Zealot x2  
  44  4:27  Probe, Zealot  
  44  4:31  Probe  
  51  4:36  Probe  
  51  4:37  Pylon  
  53  4:49  Blink  
  45  4:57  Probe x2  
  45  4:59  Shield Battery  
  43  5:06  Stalker x2  
  43  5:07  Stalker  
  47  5:09  Probe x2  
  49  5:17  Observer  
  49  5:21  Probe x2  
  52  5:26  Shield Battery  
  52  5:33  Probe x2, Zealot  
  52  5:34  Zealot x2  
  60  5:45  Probe x2  
  60  5:46  Pylon  
  62  5:54  Forge  
  62  5:57  Probe, Pylon  
  62  6:00  Zealot  
  62  6:01  Zealot x2  
  69  6:05  Assimilator  
  69  6:07  Assimilator  
  69  6:15  Templar Archives  
  65  6:28  Probe  
  60  6:35  Stalker x2  
  62  6:40  Probe  
  62  6:43  Probe  
  63  6:50  Gateway  
  63  6:51  Gateway, Photon Cannon  
  63  6:58  Probe  
  63  7:00  High Templar x2  
  68  7:02  Probe  
  68  7:04  Pylon  
  69  7:10  Probe, Psionic Storm  
  69  7:13  Pylon  
  69  7:14  Probe  
  71  7:26  Protoss Ground Weapons Level 1, Observer  
  72  7:30  Nexus  
  72  7:31  Pylon  
  72  7:37  Probe  
  73  7:49  Probe  
  74  7:55  High Templar, Gateway  
  74  7:56  Gateway  
  74  7:57  Gateway  
  76  7:59  Zealot x2  
  80  8:07  Zealot  
  82  8:14  Pylon  
  82  8:17  Probe  
  83  8:20  Photon Cannon  
  83  8:21  Shield Battery  
  83  8:25  Stalker  
  82  8:30  Stalker  
  75  8:44  Stalker x2  
  75  8:47  Pylon  
  75  8:57  Probe  
  75  9:00  Stargate  
  75  9:01  Probe  
  72  9:03  Photon Cannon  
  72  9:05  Stalker  
  72  9:07  Probe  
  72  9:09  Probe x2  
  75  9:15  Protoss Ground Armor Level 1, Probe  
  77  9:20  Probe x2  
  80  9:27  Probe  
  81  9:31  Probe  
  81  9:34  Probe  
  81  9:37  Probe  
  75  9:40  Probe  
  75  9:42  Probe  
  75  9:43  High Templar x2  
  81  9:48  Phoenix  
  84  9:57  Probe x3  
  85  10:04  Oracle  
  90  10:17  Pylon  
  90  10:18  Probe  
  91  10:23  Observer  
  92  10:29  Nexus  
  92  10:33  Phoenix, Pylon  
  88  10:45  Probe  
  88  10:46  Zealot x2  
  88  10:47  Stalker x2  
  88  10:48  Immortal  
  101  10:56  Shield Battery  
  101  11:04  Probe x3  
  101  11:07  Stalker x3  
  110  11:14  Pylon  
  110  11:16  Probe  
  109  11:21  Probe  
  109  11:25  Stargate  
  110  11:28  Protoss Air Weapons Level 1  
  110  11:32  Dark Shrine  
  110  11:33  Probe  
  110  11:36  Assimilator  
  110  11:37  Probe  
  110  11:38  Assimilator  
  112  11:41  Probe  
  112  11:43  Probe  
  112  11:44  Immortal  
  112  11:45  Probe x2  
  119  11:50  Probe  
  119  11:53  Probe  
  122  12:02  Probe  
  122  12:04  Probe x2, Pylon, Fleet Beacon  
  122  12:07  Pylon  
  122  12:08  Probe  
  111  12:37  Zealot x7  
  92  12:57  Zealot x4  
  92  12:58  Zealot x3  
  100  13:01  Probe  
  100  13:03  Assimilator x2  
  105  13:18  Nexus  
  105  13:19  Pylon  
Show
View Real Time Build Order
Export as new Build Order

Dephy Terran - Winner!

Build Orders: Banshee Rush 

Get SALT Encoding   

  12  0:00  SCV  
  13  0:12  SCV  
  14  0:17  Supply Depot  
  14  0:24  SCV  
  15  0:39  SCV  
  15  0:40  Barracks  
  16  0:43  Refinery  
  16  0:51  SCV  
  16  0:52  Refinery  
  17  1:03  SCV  
  18  1:15  SCV  
  19  1:30  Reaper  
  19  1:31  Orbital Command  
  20  1:40  Factory  
  20  1:48  Supply Depot  
  20  1:57  SCV  
  21  2:03  Reaper  
  22  2:10  SCV  
  23  2:18  Command Center  
  23  2:23  SCV  
  23  2:26  Hellion  
  26  2:35  Reaper  
  27  2:37  SCV  
  27  2:39  Supply Depot  
  28  2:48  Hellion  
  30  2:52  Starport  
  30  2:53  SCV  
  31  3:05  SCV  
  31  3:08  Barracks Reactor  
  31  3:09  Factory Tech Lab  
  32  3:18  SCV  
  33  3:27  Refinery  
  33  3:30  SCV  
  34  3:36  Cloaking Field, Banshee  
  34  3:37  Factory Tech Lab  
  37  3:49  Marine  
  37  3:50  SCV, Marine  
  37  3:52  Orbital Command  
  37  4:02  SCV  
  37  4:04  Siege Tank  
  37  4:08  Marine x2  
  42  4:13  Supply Depot  
  42  4:14  SCV  
  43  4:19  SCV, Banshee  
  47  4:25  Marine  
  47  4:27  SCV  
  47  4:30  Supply Depot  
  49  4:32  SCV  
  49  4:36  Siege Tank  
  53  4:39  SCV  
  53  4:44  SCV  
  53  4:46  Marine x2  
  50  5:01  SCV  
  50  5:04  Marine x2  
  53  5:08  Hyperflight Rotors, Engineering Bay  
  53  5:10  SCV  
  53  5:13  SCV  
  55  5:16  Banshee  
  58  5:22  SCV, Marine  
  58  5:25  SCV  
  58  5:28  Supply Depot  
  61  5:34  SCV  
  62  5:36  Terran Infantry Weapons Level 1  
  62  5:38  SCV  
  62  5:40  Supply Depot  
  63  5:46  SCV  
  63  5:49  Siege Tank  
  67  5:50  SCV  
  67  5:52  Bunker  
  68  5:58  SCV  
  68  5:59  Banshee  
  68  6:02  SCV  
  73  6:05  Barracks  
  73  6:10  SCV  
  74  6:14  SCV  
  72  6:19  Barracks  
  72  6:22  SCV  
  72  6:25  Marine  
  73  6:26  SCV  
  74  6:34  SCV  
  74  6:38  SCV  
  74  6:39  Marine  
  77  6:40  Siege Tank  
  77  6:42  Marine  
  77  6:46  Banshee  
  84  6:47  SCV  
  84  6:50  SCV  
  86  6:54  Supply Depot  
  86  7:01  Supply Depot  
  86  7:03  Supply Depot  
  86  7:06  Supply Depot  
  86  7:07  Refinery  
  86  7:11  Barracks Tech Lab  
  86  7:13  Missile Turret  
  86  7:16  SCV x2  
  86  7:19  Barracks  
  86  7:21  Barracks  
  86  7:22  Factory Reactor  
  88  7:24  Supply Depot  
  88  7:28  SCV x2  
  90  7:34  Marine x2  
  90  7:36  Stimpack, Banshee  
  92  7:37  Combat Shield  
  92  7:40  SCV x2  
  92  7:42  Terran Infantry Armor Level 1  
  97  7:48  Marine  
  98  7:52  SCV x2, Marine  
  98  7:53  Marine  
  102  8:04  SCV x2, Widow Mine x2  
  108  8:06  Marine, Command Center  
  108  8:12  Supply Depot  
  109  8:14  Marine, Supply Depot  
  109  8:15  Marine  
  109  8:16  Barracks Tech Lab  
  109  8:17  Barracks Tech Lab  
  109  8:18  SCV  
  109  8:19  SCV  
  113  8:39  Marine x5  
  113  8:40  Banshee  
  115  8:59  Marine  
  115  9:00  Marine x4  
  115  9:01  Widow Mine  
  122  9:15  Concussive Shells  
  122  9:17  Marine x4, Engineering Bay  
  122  9:18  Marauder  
  122  9:19  SCV  
  122  9:20  Ghost Academy, Armory  
  129  9:31  Barracks  
  129  9:32  SCV, Barracks  
  129  9:35  Starport Reactor  
  128  9:39  Marine  
  128  9:40  SCV  
  128  9:42  Orbital Command  
  128  9:44  SCV  
  131  9:49  Marine x2  
  131  9:50  Widow Mine x2, Marauder  
  131  9:51  Ghost  
  142  9:59  Missile Turret  
  142  10:00  Sensor Tower  
  142  10:05  Ghost  
  145  10:07  Ghost  
  145  10:11  Refinery  
  145  10:12  Refinery  
  148  10:17  Terran Infantry Armor Level 2, Terran Infantry Weapons Level 2  
  148  10:23  Marine x2, Marauder  
  148  10:24  Barracks Tech Lab  
  148  10:25  SCV  
  153  10:41  Marauder  
  153  10:42  Marauder x2  
  156  10:43  Marine  
  157  10:51  Supply Depot  
  157  11:01  Supply Depot x2  
  157  11:02  Supply Depot  
  157  11:03  Supply Depot  
  157  11:09  Command Center  
  157  11:12  Marine x5, Ghost  
  157  11:17  Barracks  
  165  11:22  SCV, Ghost, Medivac x2  
  165  11:23  Marauder  
  179  11:31  Marauder x2, Starport  
  179  11:32  SCV  
  180  11:34  Ghost  
  180  11:35  Marine, Factory Tech Lab  
  180  11:37  Supply Depot  
  180  11:39  Bunker  
  184  11:41  Ghost  
  187  11:52  Medivac x2  
  191  11:59  Marine, Marauder x4  
  200  12:22  Medivac  
  190  12:27  Marine  
  190  12:28  Marauder x3  
  185  12:33  Marine x5  
  185  12:34  Medivac x2  
  182  12:49  Marauder  
  171  12:58  Marauder x5  
  183  13:11  Fusion Core  
Tags
 
Add a new tag
Caveats
  • Supply blocks, unpowered buildings, or Contaminate may cause inaccurate times.
  • Supply counts are checked every 10 seconds.